 Dungeon Crawl Stone Soup version 0.30-a0-591-g3c58d2bc28 (webtiles) character file.

Game seed: 16723063057518344734

43 wormed the Insei (level 3, -7/34 HPs)
             Began as an Octopode Transmuter on Jan 4, 2023.
             Mangled by Sigmund
             ... wielding a +5 scythe of venom
              (12 damage)
             ... on level 2 of the Dungeon.
             The game lasted 00:02:12 (1550 turns).

wormed the Insei (Octopode Transmuter)              Turns: 1550, Time: 00:02:13

Health: -7/34      AC: 21    Str:  9    XL:     3   Next: 58%
Magic:  6/6        EV:  2    Int: 17    God:
Gold:   95         SH:  5    Dex: 12    Spells: 3/6 levels left

rFire   . . .      SeeInvis .      - Unarmed
rCold   . . .      Faith    .    (no shield)
rNeg    . . .      Spirit   .    (helmet currently unavailable)
rPois   +          Reflect  +    f - amulet of reflection
rElec   .          Harm     .    b - ring of willpower
rCorr   .          Rampage  .    (no ring)
Will    +....      NoTele   +    (no ring)
Stlth   +                        (no ring)
HPRegen 0.25/turn                (no ring)
MPRegen 0.10/turn                (no ring)
                                 (no ring)
                                 (no ring)

@: tree-form, wereblooded, hasted, very quick
A: stationary, stasis, torment immunity, boosted hp, almost no armour,
(amphibious), 8 rings, (camouflage 1), (gelatinous body 1), (nimble swimmer 1),
(tentacles)
a: no special abilities


You were on level 2 of the Dungeon.
You were a tree.
You visited 1 branch of the dungeon, and saw 2 of its levels.

You collected 95 gold pieces.

Inventory:

Jewellery
 b - a ring of willpower (left branch)
 f - an amulet of reflection (around neck)
Scrolls
 c - 2 scrolls of butterflies {unknown}
 d - 3 scrolls of teleportation {unknown}
 i - a scroll of identify {unknown}
 j - a scroll of magic mapping {unknown}
Potions
 e - a potion of magic
 g - a potion of haste


   Skills:
 - Level 1.0 Fighting
 - Level 2.0 Dodging
 - Level 3.0 Unarmed Combat
 + Level 2.4 Spellcasting
 * Level 3.0 Transmutations
 + Level 1.2 Ice Magic


You had 3 spell levels left.
You knew the following spells:

 Your Spells              Type           Power      Damage    Failure   Level
a - Beastly Appendage     Tmut           24%        N/A       5%          1
b - Wereblood             Tmut           12%        N/A       8%          2

Your spell library contained the following spells:

 Spells                   Type           Power      Damage    Failure   Level
 Spider Form              Tmut/Pois      7%         N/A       30%         3
 Gell's Gravitas          Tloc           2%         N/A       50%         3
 Teleport Other           Tloc           2%         N/A       50%         3
 Ice Form                 Ice/Tmut       9%         N/A       58%         4
 Dispersal                Tloc           1%         N/A       100%        6


Dungeon Overview and Level Annotations

Branches:
Dungeon (2/15)

Altars:

Annotations:
D:2 Sigmund


Innate Abilities, Weirdness & Mutations

You are a tree.
Your roots penetrate the ground, keeping you stationary.
You cannot be teleported.
You are immune to unholy pain and torment.
Your maximum health is greatly increased.
You cannot wear most types of armour.
((You are amphibious.))
You can wear up to eight rings at the same time.
((Your skin changes colour to match your surroundings (Stealth+).))
((Your rubbery body absorbs attacks. (AC +1, EV +1)))
((You are camouflaged when in or above water. (Stealth+)))
((You have tentacles for arms and can constrict up to eight enemies at once.))


Message History

Sigmund hits you but does no damage.
It was a potion of haste.
You feel yourself speed up.
* * * LOW HITPOINT WARNING * * *
You feel very sick.
It was a potion of curing.
You feel better.
Sigmund points at you and mumbles some strange words.
You are confused.
b - a ring of willpower (left branch)
You start putting on your amulet.
You continue putting on your amulet of reflection.
Sigmund hits you but does no damage.
You are poisoned.
Keep equipping yourself? [Y]es or [N]o only, please.
Keep equipping yourself? [Y]es or [N]o only, please.
Keep equipping yourself?
You continue putting on your amulet of reflection.
You feel sick.
You continue putting on your amulet of reflection.
Sigmund barely misses you.
You continue putting on your amulet of reflection.
You feel sick.
You continue putting on your amulet of reflection.
You feel sick. Sigmund hits you but does no damage.
You finish putting on your amulet of reflection.
You feel a shielding aura gather around you.
f - an amulet of reflection (around neck) Sorry, you're not good enough to have a special ability.
You feel less confused.
You feel sick.
Sigmund hits you from afar with a +5 scythe of venom.
* * * LOW HITPOINT WARNING * * *
You feel sick.
You feel sick.
You are no longer poisoned.
Sigmund hits you but does no damage. Sigmund hits you but does no damage.
Sigmund hits you from afar with a +5 scythe of venom!
You die...

....####..# ....# .#
#...# .# #...##. .
######[## ##...##
#..⌠...###
##........#####
#............♣#
##........⌠.##..@#
#...........#..⌠.?$#
##.⌠........##........#
#...........#..........
#)#........##........⌠.
#.###...⌠..#...........
##...###...##.⌠........#
#..⌠...###.#


You could see Sigmund.

Vanquished Creatures
  An adder (D:2)
  A dart slug (D:1)
  4 endoplasms
  3 giant cockroaches
  A goblin (D:2)
  2 hobgoblins (D:1)
  3 jackals (D:1)
  3 kobolds
  5 quokkas
  A ball python (D:2)
  A bat (D:1)
  A frilled lizard (D:2)
  A rat (D:2)
27 creatures vanquished.

Notes
Turn   | Place    | Note
-------+----------+-------------------------------------------
     0 | D:1      | wormed the Octopode Transmuter began the quest for the Orb.
     0 | D:1      | Reached XP level 1. HP: 13/13 MP: 3/3
   127 | D:1      | Found a faded altar of an unknown god.
   237 | D:1      | Reached XP level 2. HP: 18/18 MP: 3/5
   864 | D:2      | Learned a level 2 spell: Wereblood
  1007 | D:2      | Reached skill level 1 in Ice Magic
  1253 | D:2      | Reached XP level 3. HP: 23/23 MP: 2/6
  1525 | D:2      | Noticed Sigmund
  1550 | D:2      | Mangled by Sigmund

Illustrated notes

Levels and vault maps discovered:
D:1:      psy_arrival_radial02, layout_basic,
          dreamdust_ecumenical_altar_angels_and_demons, minmay_misc_feat_five,
          minmay_misc_feat_chi
D:2:      minmay_skewed_foursquare, layout_basic, serial_co_window_serial,
          co_window_corner_a, co_window_of_opportunity_a, co_window_corner_a,
          co_window_of_opportunity_a, co_window_cross_1, co_window_corner_a,
          co_window_paths_a, co_window_broadway_a, co_window_of_opportunity_b,
          co_window_broadway_a, co_window_of_opportunity_c, co_window_paths_d,
          glass_columns_c, glass_columns_c, glass_columns_a, glass_columns_a,
          uniq_natasha, uniq_sigmund

Skill      XL: |  1  2  3 |
---------------+----------+-----
Ice Magic      | 1 |  1.2
Transmutations | 3 |  3.0
Fighting       | |  1.0
Dodging        | |  2.0
Unarmed Combat | |  3.0
Spellcasting   | |  2.4

Action                   || total
-------------------------++-------
Melee: Unarmed           ||    49
       Kick              ||    17
       Constrict         ||    12
       Tentacles         ||    11
       Punch             ||     1
 Cast: Beastly Appendage ||    20
       Wereblood         ||     9
  Use: Potion            ||     4
 Stab: Sleeping          ||     6
Armor: Skin              ||     8
Dodge: Dodged            ||    27

Table legend: (Time is in decaauts)
 A = Elapsed time spent in this place.
 B = Non-inter-level travel time spent in this place.
 C = Inter-level travel time spent in this place.
 D = Time resting spent in this place.
 E = Time spent auto-exploring this place.
 F = Levels seen in this place.
 G = Mean time per level.
                   A        B        C        D        E       F      G
               +--------+--------+--------+--------+--------+-----+--------+
         Total |   1541 |   1524 |     17 |      0 |   1313 |   2 |  770.5 |
       Dungeon |   1541 |   1524 |     17 |      0 |   1313 |   2 |  770.5 |
               +--------+--------+--------+--------+--------+-----+--------+

Top non-repeatable levels by time:
     D:1: 858 daAuts
     D:2: 682 daAuts
